 Dungeon Crawl Stone Soup version 0.32-a0-732-ga344392067 (webtiles) character file.

Game seed: 2204302772124864155

152889 bjtr the Eclecticist (level 17, -3/79 HPs)
             Began as a Vine Stalker Alchemist on Mar 16, 2024.
             Was the Champion of Hepliaklqana.
             Killed from afar by an ironbound frostheart (24 damage)
             ... by creeping frost
             ... in an ice cave on Mar 17, 2024.
             The game lasted 03:00:51 (27903 turns).

bjtr the Eclecticist (Vine Stalker Alchemist)      Turns: 27903, Time: 03:00:52

Health: -3/79      AC: 13    Str: 11      XL:     17   Next: 59%
Magic:  0/38       EV: 19    Int: 37      God:    Hepliaklqana [******]
Gold:   1680       SH:  0    Dex: 15 (17) Spells: 13/49 levels left

rFire   + + .        c - +4 scimitar (flame)
rCold   . . .        v - orb {*channel}
rNeg    + . .        i - +1 robe of Philately {Int+7}
rPois   +            L - +2 hat {Will+}
rElec   .            Y - +2 cloak
rCorr   .            K - +2 pair of gloves
SInv    .            f - +0 pair of boots of Hairy Leaves {rF++}
Will    ++++.        J - amulet of the Mantidfly {rN+ Will+ RegenMP+ Int+3}
Stlth   +++++        G - +5 ring of evasion
HPRegen 1.13/turn    r - ring "Mobijet" {rPois Int+6}
MPRegen 0.66/turn

%: guardian spirit, channel magic (20%)
@: frozen, very slightly contaminated, very slow
A: reduced essence, fangs 3, regeneration 1, magic shield, antimagic bite, no
potion heal 2, deterioration 1
a: Renounce Religion, Recall Ancestor, Ancestor Identity, Transference, Idealise


You were in an ice cave.
You worshipped Hepliaklqana.
Hepliaklqana was exalted by your worship.
You visited 5 branches of the dungeon, and saw 26 of its levels.
You also visited: Ice Cave and Volcano.

You collected 3219 gold pieces.
You spent 1539 gold pieces at shops.

Inventory:

Hand Weapons
 c - a +4 scimitar of flaming (weapon)
 g - a +1 hand cannon of flaming
 k - a +3 dagger of electrocution
Missiles
 B - 11 throwing nets
 H - 6 javelins
Armour
 f - the +0 pair of boots of Hairy Leaves (worn) {rF++}
   (You bought it in a shop on level 2 of the Dungeon)

   rF++:      It greatly protects you from fire.
 i - the +1 robe of Philately (worn) {Int+7}
   (You bought it in a shop on level 2 of the Dungeon)

   Int+7:     It affects your intelligence (+7).
 v - an orb of energy (worn)
 K - a +2 pair of gloves (worn)
 L - a +2 hat of willpower (worn)
 Y - a +2 cloak (worn)
Jewellery
 a - a ring of see invisible
 q - an amulet of reflection
 r - the ring "Mobijet" (right hand) {rPois Int+6}
   (You found it on level 14 of the Dungeon)

   [ring of intelligence]

   Int+6:     It affects your intelligence (+6).
   rPois:     It protects you from poison.
 G - a +5 ring of evasion (left hand)
 J - the amulet of the Mantidfly (around neck) {rN+ Will+ RegenMP+ Int+3}
   (You found it on level 11 of the Dungeon)

   [amulet of magic regeneration]

   It increases your rate of magic regeneration.
   Int+3:     It affects your intelligence (+3).
   rN+:       It protects you from negative energy.
   Will+:     It increases your willpower.
   RegenMP+:  It increases your rate of magic regeneration.
 T - a ring of flight
 V - a ring of wizardry
Wands
 o - a wand of light (4)
 D - a wand of polymorph (5)
 E - a wand of roots (4)
 M - a wand of paralysis (25)
 O - a wand of mindburst (51)
 Q - a wand of digging (8)
Scrolls
 h - 3 scrolls of vulnerability
 j - 7 scrolls of fear
 p - 2 scrolls of fog
 w - a scroll of identify
 z - a scroll of immolation
 A - 3 scrolls of poison
 I - 11 scrolls of teleportation
 S - 2 scrolls of blinking
 W - a scroll of butterflies
Potions
 b - 2 potions of magic
 d - 2 potions of cancellation
 m - 4 potions of might
 n - 6 potions of invisibility
 t - 6 potions of curing
 u - 2 potions of mutation
 x - 9 potions of brilliance
 C - 5 potions of haste
 F - 6 potions of enlightenment
 P - 6 potions of resistance
Miscellaneous
 e - a phial of floods
 l - a tin of tremorstones (2/2)
 s - a box of beasts


   Skills:
 + Level 9.4 Fighting
 + Level 10.7(10.9) Short Blades
 + Level 2.7(7.4) Long Blades
 + Level 4.8 Armour
 + Level 6.4 Dodging
 - Level 10.8 Stealth
 + Level 16.9 Spellcasting
 * Level 8.6 Conjurations
 + Level 0.1 Hexes
 + Level 9.2 Fire Magic
 + Level 2.1 Ice Magic
 + Level 1.9 Air Magic
 - Level 13.2 Alchemy
 + Level 1.1 Invocations
 + Level 0.9 Evocations


You had 13 spell levels left.
You knew the following spells:

 Your Spells              Type           Power      Damage    Failure   Level
a - Sting                 Conj/Alch      100%       1d9       1%          1
b - Fulminant Prism       Conj/Alch      42%        3d19      1%          4
c - Mephitic Cloud        Conj/Alch/Air  74%        N/A       1%          3
d - Olgreb's Toxic Radia  Alch           92%        N/A       1%          4
e - Sticky Flame          Fire/Alch      85%        2d13      1%          4
f - Ozocubu's Armour      Ice            47%        N/A       6%          3
g - Yara's Violent Unrav  Hex/Alch       34%        3d14      8%          5
h - Ignite Poison         Fire/Alch      85%        N/A       1%          4
i - Passwall              Erth           31%        N/A       11%         3
j - Fireball              Conj/Fire      39%        3d16      4%          5

Your spell library contained the following spells:

 Spells                   Type           Power      Damage    Failure   Level
 Magic Dart               Conj           100%       1d8       1%          1
 Mercury Vapours          Alch/Air       100%       N/A       1%          2
 Searing Ray              Conj           100%       2d8       1%          2
 Kiss of Death            Conj/Necr      100%       2d13      2%          1
 Freeze                   Ice            100%       1d10      3%          1
 Hailstorm                Conj/Ice       63%        3d12      3%          3
 Leda's Liquefaction      Alch/Erth      34%        N/A       4%          4
 Petrify                  Alch/Erth      69%        N/A       4%          4
 Iskenderun's Battlesphe  Conj           77%        2d13      4%          5
 Eringya's Noxious Bog    Alch           46%        4d6       4%          6
 Ensorcelled Hibernation  Hex/Ice        78%        N/A       5%          2
 Frozen Ramparts          Ice            94%        1d15      6%          3
 Swiftness                Air            45%        N/A       7%          3
 Summon Ice Beast         Ice/Summ       39%        N/A       8%          3
 Brom's Barrelling Bould  Conj/Erth      59%        2d7       8%          4
 Call Canine Familiar     Summ           31%        N/A       11%         3
 Confusing Touch          Hex            32%        N/A       11%         3
 Fugue of the Fallen      Necr           31%        N/A       11%         3
 Sigil of Binding         Hex            32%        N/A       11%         3
 Tukima's Dance           Hex            32%        N/A       11%         3
 Sculpt Simulacrum        Ice/Alch       36%        N/A       19%         6
 Anguish                  Hex/Necr       16%        N/A       24%         4
 Dimensional Bullseye     Hex/Tloc       16%        N/A       24%         4
 Dispel Undead            Necr           31%        3d14      26%         4
 Manifold Assault         Tloc           31%        N/A       26%         4
 Passage of Golubria      Tloc           31%        N/A       26%         4
 Metabolic Englaciation   Hex/Ice        19%        N/A       38%         5
 Silence                  Hex/Air        19%        N/A       38%         5
 Conjure Ball Lightning   Conj/Air       31%        3x3d10    38%         6
 Orb of Destruction       Conj           38%        9d11      47%         7
 Summon Forest            Summ/Tloc      15%        N/A       52%         5
 Permafrost Eruption      Ice/Erth       19%        2x4d6     87%         6
 Ignition                 Fire           39%        3d12      95%         8
 Summon Hydra             Summ           15%        N/A       100%        7
 Lehudib's Crystal Spear  Conj/Erth      29%        10d8      100%        8


Dungeon Overview and Level Annotations

Branches:
Dungeon (15/15)            Temple (1/1) D:4            Lair (5/5) D:10
 Shoals (3/4) Lair:2       Spider (0/4) Lair:3        Slime (0/5) Lair:4
    Orc (2/2) D:12            Elf (0/3) Orc:2        Vaults (0/5) D:14
 Depths (0/4) D:15          IceCv (1/1)             Volcano (visited)

Altars:
Ashenzari
Cheibriados
Dithmenos
Elyvilon
Fedhas
Gozag
Hepliaklqana
Kikubaaqudgha
Makhleb
Nemelex Xobeh
Okawaru
Qazlal
Ru
Sif Muna
Trog
Uskayaw
Vehumet
Wu Jian
Xom
Yredelemnul
Zin
The Shining One
Beogh
Lugonu

Shops:
D:2 [   D:7 ?   D:15 *[*   Orc:1 [   Orc:2 **:!   Shoals:1 (

Portals:
Abyss: Lair:5


Innate Abilities, Weirdness & Mutations

Your life essence is reduced to manifest your ancestor. (-10% HP)
You have razor-sharp teeth.
Your natural rate of healing is unusually fast.
When hurt, damage is shared between your health and your magic reserves.
Your bite disrupts and absorbs the magic of your enemies.
Potions cannot restore your health.
Your body sometimes deteriorates upon taking damage.


Message History

Your toxic aura wanes.
You see here a polar bear corpse.
A rime drake, an ironbound frostheart and 2 white ugly things come into view.
A shard shrike, a white ugly thing and an ironbound frostheart come into view.
The rime drake hisses angrily.
The ironbound frostheart shouts!
The white ugly thing gurgles horribly!
An ironbound frostheart comes into view.
The ironbound frostheart shouts!
Unknown command.
Casting: Olgreb's Toxic Radiance (dangerous; 1% risk of failure)
Confirm with . or Enter, or press ? or * to list all spells.
You miscast Olgreb's Toxic Radiance.
You are very lightly contaminated with residual magic.
Nothing appears to happen.
Magical energy flows into your mind!
The white ugly thing gurgles horribly! x2
The ironbound frostheart calls freezing cold from the walls.
The frost grips you!!
Your body deteriorates!
You feel clumsy.
You are encased in ice.
Unknown command.
Unknown command.
Casting: Olgreb's Toxic Radiance (dangerous; 1% risk of failure)
Confirm with . or Enter, or press ? or * to list all spells.
Aiming: Fireball (dangerous; 4% risk of failure)
Press: ? - help, Shift-Dir - straight line, f - shard shrike
Aim: a shard shrike The fireball explodes!
The fireball engulfs the shard shrike!!!
The shard shrike is moderately wounded.
The fireball engulfs the white ugly thing!!
The white ugly thing is heavily wounded.
The shard shrike spits a shard of ice at you.
The shard of ice hits you!!!
Ouch! That really hurt!
The ironbound frostheart calls freezing cold from the walls.
The frost grips you!
* * * LOW HITPOINT WARNING * * *
The ironbound frostheart calls freezing cold from the walls.
The frost grips you!!
You die...
Hepliaklqana delivers you to your ancestors. .... .kp. # .uup.

### .....# ###.. .p.u# ###...#
...## #.÷÷### #b.## ##..# #@.#
###R### ####.###≈≈≈##..###### ###
###....#≈≈≈≈≈≈##...##..
###.#####..##†#≈≈≈≈≈≈≈≈#..###..
###..#.##..#.#..≈≈≈≈≈≈≈≈≈###..##.
#..####..######.##≈≈≈≈≈≈≈# ###...
##..# ####### ###≈≈≈≈≈≈≈# ####
...## ###...####≈≈≈≈≈~~## ### #
...[###...#....######÷~~#####.###


You could see a shard shrike (catching breath), 3 ugly things, 3 ironbound
frosthearts and a rime drake.

Vanquished Creatures
  Jorgrun (D:13)
  Mlioglotl (Shoals:2)
  Kirke (D:13)
  An orc warlord (Orc:1)
  A stone giant (Volcano)
  A white draconian (IceCv)
  A merfolk javelineer (Shoals:2)
  3 merfolk impalers
  An entropy weaver (shapeshifter) (D:13)
  Fannar (D:10)
  Harold (Lair:2)
  A hydra (Lair:5)
  A catoblepas (Lair:4)
  2 centaur warriors
  An ironbound frostheart (IceCv)
  Erica (D:8)
  An alligator snapping turtle (Shoals:1)
  A boulder beetle (Orc:1)
  A merfolk aquamancer (Shoals:1)
  5 two-headed ogres
  2 merfolk avatars
  A sphinx skeleton (D:15)
  3 tengu warriors (D:14)
  A death knight (D:14)
  3 orc high priests (Orc:2)
  3 thrashing horrors (Lair:5)
  3 skysharks
  A spark wasp zombie (D:15)
  2 skeletal warriors (D:15)
  7 sea snakes
  A flayed ghost (D:15)
  A slime creature (D:14)
  An orange crystal statue (IceCv)
  A harpy (Shoals:3)
  A lindwurm (Lair:5)
  8 orc knights
  24 ugly things
  3 deep elf pyromancers
  4 orc sorcerers (Orc:2)
  2 necromancers
  5 cyclopes
  6 manticores
  3 fauns (Shoals:2)
  4 merfolk sirens
  6 elephants
  10 kobold blastminers
  2 water nymphs
  An ice statue (Shoals:3)
  8 black mambas
  Maurice (Orc:1)
  A large abomination (Lair:5)
  4 cane toads
  Joseph (D:7)
  2 gargoyles
  14 rime drakes
  Jeremiah (D:9)
  An efreet (Volcano)
  12 komodo dragons
  19 merfolk
  A queen bee (shapeshifter) (D:15)
  6 trolls
  3 wind drakes
  18 polar bears
  2 hornets
  7 dream sheep
  23 blink frogs
  3 raiju (Lair:5)
  6 snapping turtles
  3 jumping spiders (Lair:3)
  2 spriggans (Lair:5)
  4 water elementals (Shoals:1)
  A vampire (D:10)
  3 culicivoras (Lair:3)
  A wyvern (Lair:2)
  34 yaks
  4 basilisks
  3 hogs (D:13)
  3 steam dragons
  2 wargs
  2 redbacks (Lair:3)
  4 neqoxecs (D:14)
  A vampire mosquito (D:14)
  A chaos spawn (Lair:5)
  9 water moccasins
  29 orc warriors
  2 sky beasts
  A black bear (D:4)
  3 laughing skulls
  3 ogres
  8 wolves
  8 centaurs
  8 bullfrogs
  3 small abominations (Lair:5)
  A gnoll sergeant (D:6)
  3 scorpions
  6 wights
  7 killer bees
  5 howler monkeys
  3 vampire bats (D:15)
  2 bombardier beetles
  2 quasits (D:14)
  22 orc priests
  2 hounds
  A sleepcap (D:8)
  7 hell rats (Lair:5)
  16 orc wizards
  3 polar bear simulacra (Lair:2)
  2 wolf simulacra (Lair:2)
  2 yak simulacra (Lair:2)
  8 gnolls
  5 adders
  A white imp (D:5)
  4 ufetubi
  4 ribbon worms
  3 dart slugs
  81 orcs
  5 bats
  3 bat skeletons (D:15)
  2 bat zombies (D:15)
  7 endoplasms
  14 goblins
  8 hobgoblins
  A jackal (D:4)
  3 quokkas (D:3)
  9 ball pythons
  11 kobolds
  4 rats
  2 river rat simulacra (Lair:2)
670 creatures vanquished.

Vanquished Creatures (collateral kills)
  Gastronok (D:11)
  The ghost of RandomusNamus the Warrior, an adept DjCj of Makhleb (D:14)
  Roxanne (Shoals:2)
  The ghost of runemasterragnar the Fighter, a journeyman OpSh of Gozag (D:12)
  Snorg (D:10)
  2 merfolk impalers
  A hydra (Lair:3)
  A thrashing horror (Lair:5)
  2 two-headed ogres
  Nergalle (Lair:2)
  A fire crab (Lair:5)
  3 sea snakes
  A lindwurm (Lair:1)
  6 harpies (Shoals:3)
  2 orc knights
  A faun (Shoals:2)
  A cyclops (D:14)
  16 ugly things
  2 manticores (Shoals:3)
  A merfolk siren (Shoals:1)
  3 elephants (Lair:5)
  A black mamba (Lair:5)
  A smoke demon (Lair:5)
  A gargoyle (Volcano)
  3 cane toads
  7 rime drakes
  A tengu conjurer (D:14)
  A troll (shapeshifter) (D:13)
  7 merfolk
  5 polar bears
  4 trolls
  8 blink frogs
  2 dream sheep (Lair:3)
  A culicivora (Lair:3)
  4 snapping turtles
  2 ynoxinuls (Lair:5)
  A shadow (D:10)
  A spriggan skeleton (D:15)
  5 small abominations (Lair:5)
  A wraith (D:13)
  2 water elementals
  13 yaks
  A neqoxec (D:14)
  A fire elemental (Volcano)
  3 wargs
  A basilisk (Lair:5)
  A chaos spawn (Lair:5)
  A vampire mosquito (D:14)
  An acid dragon (D:11)
  3 water moccasins
  4 orc warriors
  A sky beast (shapeshifter) (Lair:5)
  A laughing skull (D:13)
  An ogre (Orc:1)
  2 wolves
  2 centaurs (D:8)
  2 bullfrogs
  An earth elemental (Volcano)
  4 wights
  A killer bee (D:9)
  3 howler monkeys
  A lava snake (Lair:1)
  A quasit (D:14)
  3 orc priests (Orc:2)
  7 orc wizards
  A wolf simulacrum (Lair:2)
  3 gnolls (D:6)
  21 orcs
  4 goblins (D:5)
  3 jackals (D:4)
  A river rat simulacrum (Lair:2)
199 creatures vanquished.

Vanquished Creatures (others)
  A blink frog (Lair:5)
  12 battlemagi
  An orc wizard (Orc:2)
  4 ancestors
  30 fulminant prisms
48 creatures vanquished.

Grand Total: 917 creatures vanquished

Notes
Turn   | Place    | Note
-------+----------+-------------------------------------------
     0 | D:1      | bjtr the Vine Stalker Alchemist began the quest for the
                  | Orb.
     0 | D:1      | Reached XP level 1. HP: 9/9 MP: 4/4
   197 | D:1      | Reached XP level 2. HP: 13/13 MP: 4/6
   806 | D:2      | Reached XP level 3. HP: 16/16 MP: 2/7
   810 | D:2      | Learned a level 3 spell: Mephitic Cloud
   813 | D:2      | Learned a level 2 spell: Mercury Vapours
   963 | D:2      | Reached skill level 1 in Short Blades
  1045 | D:2      | Found Vasi's Armour Boutique.
  1540 | D:3      | Identified a scroll of acquirement
  1540 | D:3      | Acquired 567 gold pieces
  1593 | D:2      | Bought the +0 pair of boots of Hairy Leaves {rF++} for 406
                  | gold pieces
  1622 | D:3      | Reached XP level 4. HP: 21/21 MP: 4/9
  1692 | D:3      | Reached skill level 3 in Spellcasting
  1732 | D:3      | Found a faded altar of an unknown god.
  2035 | D:3      | Found a hide-covered altar of Uskayaw.
  2035 | D:3      | Found a glowing golden altar of the Shining One.
  2035 | D:3      | Found an opulent altar of Gozag.
  2035 | D:3      | Found a snail-covered altar of Cheibriados.
  2396 | D:2      | Bought the +1 robe of Philately {Int+7} for 383 gold pieces
  2559 | D:3      | Reached XP level 5. HP: 23/24 MP: 2/10
  3002 | D:4      | Found a staircase to the Ecumenical Temple.
  3011 | Temple   | Entered the Ecumenical Temple
  3070 | Temple   | Became a worshipper of Hepliaklqana the Forgotten
  3175 | D:4      | Noticed an ogre
  3190 | D:4      | Killed an ogre
  3191 | D:4      | Reached XP level 6. HP: 29/29 MP: 3/12
  3568 | D:5      | Entered Level 5 of the Dungeon
  3740 | D:5      | Reached XP level 7. HP: 32/32 MP: 7/13
  3804 | D:5      | Reached * piety under Hepliaklqana
  3922 | D:4      | Reached skill level 4 in Spellcasting
  4147 | D:5      | Noticed a hornet
  4162 | D:5      | Killed a hornet
  4163 | D:5      | Reached skill level 1 in Fighting
  4292 | D:5      | Reached skill level 5 in Alchemy
  4292 | D:5      | Gained mutation: You have razor-sharp teeth. [Vine Stalker
                  | growth]
  4292 | D:5      | Reached XP level 8. HP: 33/33 MP: 15/15
  4772 | D:6      | Learned a level 4 spell: Olgreb's Toxic Radiance
  4777 | D:6      | Learned a level 4 spell: Sticky Flame
  4836 | D:6      | Reached skill level 5 in Spellcasting
  5320 | D:7      | Noticed Joseph
  5331 | D:7      | Killed Joseph
  5332 | D:7      | Reached skill level 5 in Short Blades
  5332 | D:7      | Reached skill level 5 in Stealth
  5332 | D:7      | Reached XP level 9. HP: 35/37 MP: 3/18
  5578 | D:7      | Found Veixkur's Magic Scroll Boutique.
  5607 | D:7      | Bought a scroll of identify for 20 gold pieces
  5607 | D:7      | Bought a scroll of identify for 20 gold pieces
  5646 | D:7      | Reached ** piety under Hepliaklqana
  5648 | D:7      | Remembered your ancestor Penuodgh as a battlemage
  5974 | D:7      | Learned a level 3 spell: Ozocubu's Armour
  6000 | D:7      | Found a shimmering blue altar of Sif Muna.
  6056 | D:7      | Reached skill level 6 in Spellcasting
  6556 | D:8      | Noticed Erica
  6569 | D:8      | Killed Erica
  6775 | D:8      | Reached XP level 10. HP: 42/42 MP: 18/20
  6800 | D:8      | Learned a level 5 spell: Yara's Violent Unravelling
  7038 | D:8      | Reached skill level 7 in Spellcasting
  7516 | D:9      | Reached *** piety under Hepliaklqana
  7705 | D:9      | Noticed Jeremiah
  7718 | D:9      | Killed Jeremiah
  8022 | D:9      | Noticed a two-headed ogre
  8030 | D:9      | Killed a two-headed ogre
  8031 | D:9      | Reached skill level 8 in Spellcasting
  8031 | D:9      | Reached skill level 1 in Fire Magic
  8031 | D:9      | Reached skill level 1 in Ice Magic
  8557 | D:10     | Entered Level 10 of the Dungeon
  8567 | D:10     | Noticed Snorg
  8577 | D:10     | Killed Snorg
  8578 | D:10     | Reached XP level 11. HP: 39/46 MP: 24/24
  8679 | D:10     | Noticed a two-headed ogre
  8690 | D:9      | Learned a level 4 spell: Ignite Poison
  8696 | D:10     | Killed a two-headed ogre
  8697 | D:10     | Reached skill level 9 in Spellcasting
  9351 | D:10     | Found a staircase to the Lair.
  9678 | D:10     | Noticed a two-headed ogre
  9679 | D:10     | Noticed Fannar
  9683 | D:10     | Killed a two-headed ogre
  9685 | D:10     | Killed Fannar
  9897 | D:11     | Reached **** piety under Hepliaklqana
  9907 | D:11     | Noticed a two-headed ogre
  9935 | D:11     | Killed a two-headed ogre
  9936 | D:11     | Reached skill level 10 in Spellcasting
  9997 | D:11     | Noticed Gastronok
 10187 | D:11     | Identified the amulet of the Mantidfly {rN+ Will+ RegenMP+
                  | Int+3}
 10247 | D:11     | Killed Gastronok
 10318 | D:11     | Found a hide-covered altar of Uskayaw.
 10467 | D:11     | Noticed a two-headed ogre
 10475 | D:11     | Killed a two-headed ogre
 10476 | D:11     | Reached XP level 12. HP: 49/50 MP: 27/27
 10744 | D:12     | Found a runed translucent gate.
 10744 | D:12     | Found a runed translucent gate.
 10748 | D:12     | Identified the scarf of the Blind Marksman {repulsion, Harm
                  | MP+9 Str+2}
 10784 | D:12     | Found a roughly hewn altar of Beogh.
 10786 | D:12     | Found a staircase to the Orcish Mines.
 11141 | D:12     | Noticed a two-headed ogre
 11151 | D:12     | Killed a two-headed ogre
 11152 | D:12     | Reached skill level 11 in Spellcasting
 11372 | D:12     | Found a runed translucent gate.
 11385 | D:12     | Noticed runemasterragnar's ghost (journeyman OpSh)
 11562 | D:12     | Killed runemasterragnar's ghost
 11894 | D:13     | Reached skill level 10 in Alchemy
 11920 | D:13     | Reached ***** piety under Hepliaklqana
 11925 | D:13     | Noticed Jorgrun
 11937 | D:13     | Killed Jorgrun
 12194 | D:13     | Noticed a two-headed ogre
 12200 | D:13     | Killed a two-headed ogre
 12201 | D:13     | Reached XP level 13. HP: 54/54 MP: 29/29
 12210 | D:13     | Noticed Kirke
 12221 | D:13     | Killed Kirke
 12263 | D:13     | Noticed an entropy weaver
 12274 | D:13     | Killed an entropy weaver
 12493 | D:7      | Bought a scroll of teleportation for 30 gold pieces
 12493 | D:7      | Bought a scroll of butterflies for 40 gold pieces
 12493 | D:7      | Bought a scroll of fog for 40 gold pieces
 12493 | D:7      | Bought a scroll of brand weapon for 95 gold pieces
 12493 | D:7      | Bought a scroll of enchant weapon for 75 gold pieces
 12715 | D:14     | Found a transporter.
 12719 | D:14     | Noticed RandomusNamus's ghost (adept DjCj)
 12740 | D:14     | Reached skill level 5 in Dodging
 12740 | D:14     | Reached skill level 12 in Spellcasting
 12887 | D:14     | Reached skill level 1 in Air Magic
 12918 | D:14     | Found a gate to the Vaults.
 13068 | D:14     | Reached skill level 5 in Fire Magic
 13072 | D:14     | Reached skill level 5 in Conjurations
 13185 | D:14     | Reached skill level 10 in Short Blades
 13298 | D:14     | Found a transporter.
 13597 | D:15     | Entered Level 15 of the Dungeon
 13639 | D:15     | Found Burgh's Antique Armour Boutique.
 13683 | D:15     | Found a staircase to the Depths.
 13769 | D:15     | HP: 2/54 [skeletal warrior/+0 battleaxe (13)]
 13867 | D:15     | Reached XP level 14. HP: 21/59 MP: 9/31
 13905 | D:15     | Reached skill level 13 in Spellcasting
 13951 | D:15     | Found Kurenulu's General Store.
 14170 | D:15     | Found Tyenad's General Store.
 14465 | D:15     | Found an ancient bone altar of Kikubaaqudgha.
 14897 | D:15     | Learned a level 3 spell: Passwall
 15010 | Lair:1   | Entered Level 1 of the Lair of Beasts
 15038 | Lair:1   | Found a dark tunnel.
 15064 | Volcano  | Entered a volcano
 15111 | Volcano  | Noticed a stone giant
 15117 | Volcano  | Killed a stone giant
 15614 | Lair:1   | Reached skill level 1 in Armour
 16218 | Lair:2   | Learned a level 4 spell: Fulminant Prism
 16411 | Lair:2   | Noticed Nergalle
 16419 | Lair:2   | Killed Nergalle
 16469 | Lair:2   | Reached skill level 5 in Fighting
 16574 | Lair:2   | Noticed Harold
 16580 | Lair:2   | Killed Harold
 16630 | Lair:2   | Reached ****** piety under Hepliaklqana
 16747 | Lair:2   | Found a staircase to the Shoals.
 17620 | Lair:3   | Found a hole to the Spider Nest.
 17748 | Lair:3   | Reached XP level 15. HP: 64/64 MP: 22/33
 18601 | Lair:4   | Reached skill level 14 in Spellcasting
 18749 | Lair:4   | Reached skill level 10 in Stealth
 19163 | Lair:4   | Found a staircase to the Slime Pits.
 19234 | Lair:5   | Entered Level 5 of the Lair of Beasts
 19457 | Lair:5   | Acquired a book of the Spheres
 19465 | Lair:5   | Learned a level 5 spell: Fireball
 19766 | Lair:5   | Reached skill level 1 in Long Blades
 20125 | Lair:5   | Identified the +3 rapier of Bankruptcy {spect, Str+4 Dex-5}
 20478 | Lair:5   | Found a corrupted altar of Lugonu.
 20478 | Lair:5   | Found a one-way gate to the infinite horrors of the Abyss.
 22124 | D:14     | Gained mutation: Your body sometimes deteriorates upon
                  | taking damage. [a neqoxec]
 22143 | D:14     | Killed RandomusNamus's ghost
 22182 | D:14     | Identified the ring "Mobijet" {rPois Int+6}
 22629 | Orc:1    | Entered Level 1 of the Orcish Mines
 22657 | Orc:2    | Entered Level 2 of the Orcish Mines
 22671 | Orc:2    | Reached XP level 16. HP: 72/72 MP: 18/35
 22857 | Orc:2    | Found a staircase to the Elven Halls.
 22921 | Orc:2    | Reached skill level 15 in Spellcasting
 22966 | Orc:2    | Found Nack's Assorted Antiques.
 22966 | Orc:2    | Found Junneare's Distillery.
 22969 | Orc:2    | Found Wycymat's General Store.
 22969 | Orc:2    | Found Fyral's Book Shop.
 22975 | Orc:2    | Bought a scroll of identify for 38 gold pieces
 22979 | Orc:2    | Bought a scroll of identify for 28 gold pieces
 22979 | Orc:2    | Bought a scroll of identify for 28 gold pieces
 22979 | Orc:2    | Bought a scroll of identify for 28 gold pieces
 22979 | Orc:2    | Bought a scroll of identify for 28 gold pieces
 22984 | Orc:2    | Bought a potion of curing for 42 gold pieces
 22984 | Orc:2    | Bought a potion of invisibility for 112 gold pieces
 22984 | Orc:2    | Bought a potion of lignification for 42 gold pieces
 23725 | Orc:1    | Found Licwifu's Antique Armour Boutique.
 23788 | Orc:1    | Noticed Maurice
 23794 | Orc:1    | Killed Maurice
 23961 | Orc:1    | You fall into a shaft and drop 1 floor!
 24497 | Shoals:1 | Entered Level 1 of the Shoals
 24747 | Shoals:1 | Found Jyngu's Weapon Shoppe.
 24765 | Shoals:1 | Bought 5 curare-tipped darts for 84 gold pieces
 25654 | Shoals:2 | Noticed Mlioglotl
 25663 | Shoals:2 | Killed Mlioglotl
 25735 | Shoals:2 | Reached skill level 16 in Spellcasting
 25992 | Shoals:2 | Reached skill level 1 in Invocations
 26109 | Shoals:2 | Reached XP level 17. HP: 75/77 MP: 22/38
 26225 | Shoals:2 | Noticed Roxanne
 26424 | Shoals:2 | Killed Roxanne
 26694 | Shoals:3 | Found a glacial archway.
 26766 | IceCv    | Entered an ice cave
 27901 | IceCv    | Noticed a shard shrike
 27903 | IceCv    | Killed from afar by an ironbound frostheart

Illustrated notes

Levels and vault maps discovered:
D:1:      giann_wishing_wells, layout_rooms, minmay_tetromino_t4
D:2:      layout_loops_ring, serial_shops, shop
D:3:      layout_loops_ring, grunt_temple_overflow_cloverleaf,
          shapermc_ecumenical_altar_starsandcircs,
          chequers_serial_rivers_micro_a, nrook_loot_triangle,
          minmay_shallow_snake_nest
D:4:      layout_basic, temple_pool_b
D:5:      layout_basic, minmay_ogre_servants
D:6:      layout_rooms
D:7:      layout_basic, mainiacjoe_overflow_concentric_impassable, serial_shops,
          shop, nicolae_hexahallways, kennysheep_decorative_pillar, uniq_joseph
D:8:      layout_loops_corners, uniq_erica
D:9:      layout_basic, grunt_ministairs_1, uniq_jeremiah
D:10:     layout_rooms, erik_lair_orcish_takeover, kennysheep_small_square,
          uniq_snorg, uniq_fannar
D:11:     layout_rooms, eat_drink_and_be_merry_uskayaw, uniq_gastronok
D:12:     layout_roguey, david_orc_5, ebering_ghost_rock_garden
D:13:     layout_irregular_city, nicolae_titane, uniq_kirke, uniq_jorgrun
D:14:     layout_basic, hellmonk_vaults_attempted_burglary, abandoned_shop,
          gammafunk_ghost_stat_death
D:15:     gammafunk_depths_entry_grave, layout_grid_maze,
          chequers_serial_rivers_large_a, serial_co_window_serial,
          co_window_cross_1, co_window_of_opportunity_a, co_window_corner_a,
          co_window_paths_b, co_window_paths_b, co_window_of_opportunity_a,
          co_window_paths_a, co_window_corner_a, co_window_of_opportunity_a,
          co_window_2corner, co_window_broadway_a, co_window_unsneaky_path_d,
          co_window_corner_b, glass_columns_a, glass_columns_a, serial_shops,
          nicolae_shop_tiny_waterfront, shop, nicolae_shop_advertising_works
          [nicolae_subvault_shop_adworks], kennysheep_vampire_church
Temple:   minmay_crystal_spiral_temple
Lair:1:   layout_regular_city, nicolae_volcano_entry_lava_flow,
          nicolae_lair_lindhole
Lair:2:   layout_chaotic_city, elwin_shoals_entry_stream,
          eino_house_with_fridge, grunt_megastairs_2, infiniplex_staircase_pool,
          uniq_nergalle, uniq_harold
Lair:3:   layout_regular_city, nicolae_spider_entry_tight_spaces
Lair:4:   layout_roguey, slime_entry_1, grunt_megastairs_5,
          infiniplex_staircase_pool_2
Lair:5:   hellmonk_lair_end_abyssal_woods, layout_regular_city
Shoals:1: layout_shoals, serial_shops, nicolae_shop_scrapyard
Shoals:2: layout_shoals, abandoned_shop, uniq_mlioglotl, uniq_roxanne
Shoals:3: layout_shoals, portal_ice_cave_entry_ice_statue_one,
          nicolae_shop_vocational
Orc:1:    cheibrodos_orc_arena, layout_diamond_mine, serial_shops, shop_coins,
          blackcustard_rock_pile, uniq_maurice
Orc:2:    grunt_orc_tribal_feast, layout_caves
IceCv:    ice_cave_caverns_02

Skill      XL: |  1  2  3  4  5  6  7  8  9 10 11 12 13 14 15 16 17 |
---------------+----------------------------------------------------+-----
Short Blades   | 1 2 3 5 6 7 8 9 10 | 10.7
Spellcasting   | 3 4 5 6 8 10 11 12 13 14 16 | 16.9
Stealth        | 3 5 6 7 8 9 10 | 10.8
Alchemy        | 4 5 6 7 9 10 11 12 13 | 13.2
Conjurations   | 2 3 4 5 7 8 |  8.6
Dodging        | 2 3 4 5 6 |  6.4
Fighting       | 1 2 3 4 5 7 8 9 |  9.4
Fire Magic     | 1 2 4 5 6 7 8 9 |  9.2
Ice Magic      | 1 2 |  2.1
Air Magic      | 1 |  1.9
Armour         | 2 4 |  4.8
Long Blades    | 2 |  2.7
Invocations    | 1 |  1.1
Hexes          | |  0.1
Evocations     | |  0.9

Action                     |  1- 3 |  4- 6 |  7- 9 | 10-12 | 13-15 | 16-18 || total
---------------------------+-------+-------+-------+-------+-------+-------++-------
  Melee: Bite              |     6 |     9 |    34 |    50 |   146 |    87 ||   332
         Club              |     2 |       |       |       |       |       ||     2
         Unarmed           |     1 |       |       |       |       |       ||     1
         Dagger            |    34 |    66 |   106 |   141 |   300 |   165 ||   812
         Scimitar          |       |       |       |       |    48 |    31 ||    79
   Fire: Sling             |       |       |     5 |       |       |       ||     5
  Throw: Dart              |       |       |       |       |       |     1 ||     1
   Cast: Sting             |    52 |    42 |    22 |    12 |     7 |     2 ||   137
         Mephitic Cloud    |       |     2 |    10 |    18 |    29 |     9 ||    68
         Mercury Vapours   |       |     1 |     6 |     3 |       |       ||    10
         Sticky Flame      |       |       |    10 |    10 |    25 |     2 ||    47
         Olgreb's Toxic Ra |       |       |     2 |    30 |    73 |    65 ||   170
         Ozocubu's Armour  |       |       |     2 |     5 |     2 |       ||     9
         Ignite Poison     |       |       |       |    22 |    76 |    80 ||   178
         Fireball          |       |       |       |       |    49 |    43 ||    92
         Fulminant Prism   |       |       |       |       |     4 |    26 ||    30
         Yara's Violent Un |       |       |       |       |       |     2 ||     2
 Invoke: Recall Ancestor   |       |       |     2 |       |     2 |     2 ||     6
         Ancestor Life: Ba |       |       |     1 |       |       |       ||     1
         Idealise          |       |       |       |       |       |     1 ||     1
  Evoke: Wand              |       |       |       |       |     6 |       ||     6
         Phial of floods   |       |       |       |       |     2 |       ||     2
    Use: Scroll            |     3 |     3 |     8 |     5 |     9 |     4 ||    32
         Potion            |       |       |       |       |     6 |     1 ||     7
   Stab: Sleeping          |     1 |     1 |     6 |     4 |    15 |     4 ||    31
         Confused          |       |       |     5 |     2 |       |       ||     7
         Distracted        |       |       |       |     2 |     6 |     5 ||    13
         Invisible         |       |       |       |       |     5 |       ||     5
         Petrified         |       |       |       |       |     1 |       ||     1
 Armour: Robe              |    25 |    37 |    70 |    76 |   302 |   143 ||   653
  Dodge: Dodged            |    48 |    39 |    92 |    84 |   262 |   193 ||   718

Table legend: (Time is in decaauts)
 A = Elapsed time spent in this place.
 B = Non-inter-level travel time spent in this place.
 C = Inter-level travel time spent in this place.
 D = Time resting spent in this place.
 E = Time spent auto-exploring this place.
 F = Levels seen in this place.
 G = Mean time per level.
                   A        B        C        D        E       F      G
               +--------+--------+--------+--------+--------+-----+--------+
         Total |  27814 |  24318 |   3496 |   4070 |  15034 |  28 |  993.4 |
       Dungeon |  16355 |  13500 |   2855 |   1893 |   8868 |  15 | 1090.3 |
        Temple |    160 |     32 |    128 |      0 |      0 |   1 |  160.0 |
          Lair |   6183 |   5821 |    362 |    894 |   3756 |   5 | 1236.6 |
        Shoals |   2301 |   2200 |    101 |    535 |   1097 |   3 |  767.0 |
  Orcish Mines |   1418 |   1369 |     49 |    152 |    880 |   2 |  709.0 |
      Ice Cave |   1142 |   1142 |      0 |    596 |    305 |   1 | 1142.0 |
       Volcano |    251 |    251 |      0 |      0 |    126 |   1 |  251.0 |
               +--------+--------+--------+--------+--------+-----+--------+

Top non-repeatable levels by time:
  Lair:5: 2438 daAuts
     D:7: 1583 daAuts
     D:4: 1421 daAuts
    D:15: 1308 daAuts
     D:3: 1229 daAuts
     D:9: 1220 daAuts
Shoals:1: 1170 daAuts
     D:8: 1161 daAuts
    D:10: 1160 daAuts
   IceCv: 1142 daAuts
  Lair:2: 1053 daAuts
    D:14: 997 daAuts
     D:5: 994 daAuts
    D:12: 993 daAuts
  Lair:1: 945 daAuts
